 Dungeon Crawl Stone Soup version 0.26-a0-490-gf8362a0c98 (webtiles) character file.

Game seed: 8059924003237239694

512 Gargoyl the Skirmisher (level 7, -4/60 HPs)
             Began as a Gnoll Abyssal Knight on Aug 4, 2020.
             Was a Believer of Lugonu.
             Slain by a warg (11 damage)
             ... on level 3 of the Dungeon.
             The game lasted 00:04:04 (3300 turns).

Gargoyl the Skirmisher (Gnoll Abyssal Knight)       Turns: 3300, Time: 00:04:05

Health: -4/60      AC: 12    Str: 14    XL:     7   Next: 19%
Magic:  10/10      EV:  7    Int: 14    God:    Lugonu [**....]
Gold:   166        SH:  5    Dex: 17    Spells: 10/10 levels left

rFire    . . .     SeeInvis .   a - +1 hand axe
rCold    . . .     Faith    .   h - +0 buckler
rNeg     . . .     Spirit   .   d - +0 chain mail
rPois    .         Reflect  .   o - +1 hat
rElec    .         Harm     .   g - +0 cloak
rCorr    .                      (no gloves)
MR       .....                  (no boots)
Stlth    ..........             (no amulet)
HPRegen  0.20/turn              (no ring)
MPRegen  0.12/turn              (no ring)

@: no status effects
A: distributed training, fangs 1, strong nose
a: Depart the Abyss, Bend Space, Renounce Religion


You were on level 3 of the Dungeon.
You worshipped Lugonu.
Lugonu was pleased with you.
You visited 1 branch of the dungeon, and saw 4 of its levels.
You visited the Abyss 1 time.

You collected 166 gold pieces.

Inventory:

Hand Weapons
 a - a +1 hand axe (weapon)
Armour
 d - a +0 chain mail (worn)
 g - a +0 cloak (worn)
 h - a +0 buckler (worn)
 o - a +1 hat (worn)
Wands
 l - a wand of polymorph (5)
 n - a wand of disintegration (8)
Scrolls
 b - 3 scrolls of teleportation
 e - 2 scrolls of remove curse
 f - a scroll of fog
 m - a scroll of identify
 p - a scroll of blinking {unknown}
Potions
 c - 2 potions of degeneration {unknown}
 i - 3 potions of flight
 j - a potion of stabbing {unknown}
 k - 2 potions of haste {unknown}


   Skills:
 + Level 7.0 Fighting
 + Level 2.3 Short Blades
 + Level 2.3 Long Blades
 + Level 5.1 Axes
 + Level 2.3 Maces & Flails
 + Level 2.3 Polearms
 + Level 2.3 Staves
 + Level 2.3 Slings
 + Level 2.3 Bows
 + Level 2.3 Crossbows
 + Level 2.3 Throwing
 + Level 5.1 Armour
 + Level 3.5 Dodging
 + Level 2.3 Stealth
 + Level 2.3 Shields
 + Level 2.3 Unarmed Combat
 + Level 2.3 Spellcasting
 + Level 1.9 Conjurations
 + Level 1.9 Hexes
 + Level 1.9 Summonings
 + Level 1.9 Necromancy
 + Level 1.9 Translocations
 + Level 1.9 Transmutations
 + Level 1.9 Fire Magic
 + Level 1.9 Ice Magic
 + Level 1.9 Air Magic
 + Level 1.9 Earth Magic
 + Level 1.9 Poison Magic
 + Level 5.3 Invocations
 + Level 2.3 Evocations


You had 10 spell levels left.
You didn't know any spells.
Your spell library contained the following spells:

 Spells                   Type           Power        Failure   Level
 Animate Skeleton         Necr           #.....       95%         1
 Apportation              Tloc           #.....       95%         1
 Corona                   Hex            #......      95%         1
 Summon Small Mammal      Summ           #...         95%         1


Dungeon Overview and Level Annotations

Branches:
Dungeon (4/15)
 Temple: D:4-7

Altars:
Gozag
Trog
Uskayaw


Innate Abilities, Weirdness & Mutations

Your experience applies equally to all skills.
You have very sharp teeth.
Your uncanny sense of smell can sniff out nearby items.


Message History

The orc priest calls down the wrath of Beogh upon you.
Beogh smites you!
You see here a throwing net.
The orc priest looks encouraged for a moment.
The orc priest invokes the aid of Beogh against you.
Beogh smites you!
Found 19 stones.
There is an escape hatch in the ceiling here.
The ogre hits you with a +0 giant club!!
* * * LOW HITPOINT WARNING * * *
A mysterious force pulls you upwards. The hatch slams shut behind you.
Reactivating autopickup.
Okay, then.
Okay, then.
Aiming: Polymorph
Press: ? - help, Shift-Dir - straight line, f - ogre
Aim: an ogre, wielding a +0 giant club (lightly wounded, chance to defeat MR: 52%)
The ogre evaporates and reforms as a warg!
The warg bites you!
You die...

##..... ##..[... #.......
##......
#############.....
###...........##...#
###.......#..##.###.##
#...h###.....##.....#
#.8..@_...8..########
#.....).....##
#####.8.......8..###
#..................#######
#.###.8.......8.##.(.((.).
#.# #...........##########
#.# ###.######### #.# #.#
#.# #.#


You could see a warg.

Vanquished Creatures
  A phantom (D:4)
  A centaur (D:3)
  A scorpion (D:4)
  3 hounds (D:4)
  Jessica (D:3)
  A worker ant (D:4)
  Terence (D:2)
  A hound skeleton (D:4)
  4 adders
  2 worms
  2 dart slugs
  4 orcs
  3 ball pythons (D:2)
  5 giant cockroaches
  6 goblins
  3 hobgoblins
  10 jackals
  10 kobolds
  2 quokkas
  6 bats
  6 frilled lizards
  6 rats
79 creatures vanquished.

Notes
Turn   | Place    | Note
-------+----------+-------------------------------------------
     0 | Abyss:1  | Gargoyl the Gnoll Abyssal Knight began the quest for the
                  | Orb.
     0 | Abyss:1  | Reached XP level 1. HP: 23/23 MP: 3/3
   135 | Abyss:2  | Noticed a rust devil
   140 | Abyss:2  | Noticed a thrashing horror
   142 | D:1      | Escaped the Abyss
   234 | D:1      | Reached * piety under Lugonu
   373 | D:1      | Reached XP level 2. HP: 29/29 MP: 5/5
  1108 | D:2      | Reached XP level 3. HP: 16/35 MP: 6/6
  1542 | D:2      | Reached skill level 1 in Short Blades
  1542 | D:2      | Reached skill level 1 in Long Blades
  1542 | D:2      | Reached skill level 1 in Maces & Flails
  1542 | D:2      | Reached skill level 1 in Polearms
  1542 | D:2      | Reached skill level 1 in Staves
  1542 | D:2      | Reached skill level 1 in Slings
  1542 | D:2      | Reached skill level 1 in Bows
  1542 | D:2      | Reached skill level 1 in Crossbows
  1542 | D:2      | Reached skill level 1 in Throwing
  1542 | D:2      | Reached skill level 1 in Stealth
  1542 | D:2      | Reached skill level 1 in Shields
  1542 | D:2      | Reached skill level 1 in Unarmed Combat
  1542 | D:2      | Reached skill level 1 in Spellcasting
  1542 | D:2      | Reached skill level 1 in Evocations
  1610 | D:2      | Reached XP level 4. HP: 36/41 MP: 7/7
  1672 | D:2      | Noticed Terence
  1682 | D:2      | Killed Terence
  1682 | D:2      | Reached skill level 1 in Conjurations
  1682 | D:2      | Reached skill level 1 in Hexes
  1682 | D:2      | Reached skill level 1 in Summonings
  1682 | D:2      | Reached skill level 1 in Necromancy
  1682 | D:2      | Reached skill level 1 in Translocations
  1682 | D:2      | Reached skill level 1 in Transmutations
  1682 | D:2      | Reached skill level 1 in Fire Magic
  1682 | D:2      | Reached skill level 1 in Ice Magic
  1682 | D:2      | Reached skill level 1 in Air Magic
  1682 | D:2      | Reached skill level 1 in Earth Magic
  1682 | D:2      | Reached skill level 1 in Poison Magic
  2040 | D:3      | Noticed Jessica
  2046 | D:3      | Killed Jessica
  2046 | D:3      | Reached XP level 5. HP: 47/47 MP: 8/8
  2156 | D:3      | Reached ** piety under Lugonu
  2310 | D:3      | Found a hide-covered altar of Uskayaw.
  2344 | D:3      | Noticed a centaur
  2359 | D:3      | Killed a centaur
  2359 | D:3      | Reached skill level 5 in Invocations
  2359 | D:3      | Reached XP level 6. HP: 40/53 MP: 9/9
  2460 | D:3      | Found an opulent altar of Gozag.
  2753 | D:4      | Found a bloodstained altar of Trog.
  2762 | D:4      | Reached skill level 5 in Axes
  2762 | D:4      | Reached skill level 5 in Armour
  2958 | D:4      | Noticed a phantom
  3046 | D:4      | Killed a phantom
  3046 | D:4      | Reached XP level 7. HP: 23/59 MP: 10/10
  3271 | D:4      | Reached skill level 7 in Fighting
  3300 | D:3      | Noticed a warg
  3300 | D:3      | an ogre changed into a warg
  3300 | D:3      | Slain by a warg

Illustrated notes

Levels and vault maps discovered:
D:1:      minmay_arrival_loop, layout_basic
D:2:      layout_basic, kennysheep_generic_room_12, uniq_terence
D:3:      layout_loops_ring, eat_drink_and_be_merry_uskayaw,
          grunt_gozag_breadcrumbs, uniq_jessica
D:4:      layout_cave_pools, led_sif_pool, bloody_trog

Skill      XL: |  1  2  3  4  5  6  7 |
---------------+----------------------+-----
Short Blades   | 1 2 |  2.3
Long Blades    | 1 2 |  2.3
Maces & Flails | 1 2 |  2.3
Polearms       | 1 2 |  2.3
Staves         | 1 2 |  2.3
Slings         | 1 2 |  2.3
Bows           | 1 2 |  2.3
Crossbows      | 1 2 |  2.3
Throwing       | 1 2 |  2.3
Stealth        | 1 2 |  2.3
Shields        | 1 2 |  2.3
Unarmed Combat | 1 2 |  2.3
Spellcasting   | 1 2 |  2.3
Evocations     | 1 2 |  2.3
Conjurations   | 1 |  1.9
Hexes          | 1 |  1.9
Summonings     | 1 |  1.9
Necromancy     | 1 |  1.9
Translocations | 1 |  1.9
Transmutations | 1 |  1.9
Fire Magic     | 1 |  1.9
Ice Magic      | 1 |  1.9
Air Magic      | 1 |  1.9
Earth Magic    | 1 |  1.9
Poison Magic   | 1 |  1.9
Dodging        | 3 |  3.5
Invocations    | 5 |  5.3
Axes           | 5 |  5.1
Armour         | 5 |  5.1
Fighting       | 7 |  7.0

Action                   |  1- 3 |  4- 6 |  7- 9 || total
-------------------------+-------+-------+-------++-------
Melee: Hand axe          |   102 |   161 |    15 ||   278
       Bite              |    11 |    19 |     1 ||    31
       Punch             |     1 |     1 |       ||     2
Invok: Depart the Abyss  |     1 |       |       ||     1
Evoke: Wand              |       |       |     1 ||     1
  Use: Scroll            |     1 |     4 |       ||     5
Armor: Chain mail        |    95 |   109 |    21 ||   225
Dodge: Dodged            |    50 |    57 |    18 ||   125
Block: Buckler           |       |    26 |     8 ||    34

Table legend: (Time is in decaauts)
 A = Elapsed time spent in this place.
 B = Non-inter-level travel time spent in this place.
 C = Inter-level travel time spent in this place.
 D = Time resting spent in this place.
 E = Time spent auto-exploring this place.
 F = Levels seen in this place.
 G = Mean time per level.
                   A        B        C        D        E       F      G
               +--------+--------+--------+--------+--------+-----+--------+
         Total |   3321 |   3249 |     72 |    402 |   2084 |   6 |  553.5 |
       Dungeon |   3179 |   3107 |     72 |    402 |   1975 |   4 |  794.8 |
         Abyss |    141 |    141 |      0 |      0 |    109 |   2 |   70.5 |
               +--------+--------+--------+--------+--------+-----+--------+

Top non-repeatable levels by time:
     D:1: 952 daAuts
     D:2: 942 daAuts
     D:3: 665 daAuts
     D:4: 619 daAuts
 Abyss:1: 81 daAuts
 Abyss:2: 60 daAuts
